| TOP OF THE 1ST |
|
Lexington Legends batting - Pitching for Quad Cities River Bandits : RHP Omar Pineda
|
|
Pitching: RHP Omar Pineda
|
|
|
Batting: LHB Edgar Ortiz
|
0-0: Called Strike 0-1: Ball 1-1: Swinging Strike 1-2: Strikes out looking
|
|
Batting: RHB Nate De Jongh
|
0-0: Ball 1-0: Foul Ball, location: 2F 1-1: Reached via error on a dropped throw from 1B, E1 (Groundball, 34, EV 82.5 MPH)
|
|
Batting: RHB Nick Julien
|
0-0: DOUBLE (Line Drive, 9LS, EV 93.8 MPH) Nate De Jongh to third Runner from 3rd tries for Home, SAFE, no throw by RF
|
|
Batting: LHB Pablo Serrato
|
0-0: Ball 1-0: Called Strike 1-1: Called Strike 1-2: Strikes out looking
|
|
Batting: SHB Bill Ertl
|
0-0: Ball 1-0: Ball 2-0: Called Strike 2-1: Ball Wild Pitch! Nick Julien to third 3-1: Foul Ball, location: 2F 3-2: Strikes out swinging
|
| Top of the 1st over - 1 run, 1 hit, 1 error, 1 left on base; Lexington 1 - Quad Cities 0 |
| BOTTOM OF THE 1ST |
|
Quad Cities River Bandits batting - Pitching for Lexington Legends : RHP Tony Jimenez
|
|
Pitching: RHP Tony Jimenez
|
|
|
Batting: RHB Tim Persson
|
0-0: Called Strike 0-1: Ball 1-1: Ground out 4-3 (Groundball, 4, EV 76.2 MPH)
|
|
Batting: LHB Kelvin Jones
|
0-0: Ball 1-0: Foul Ball, location: 2F 1-1: Ball 2-1: Ball 3-1: Base on Balls
|
|
Batting: LHB Danny Wolver
|
0-0: Foul Ball, location: 2F 0-1: Foul Ball, location: 2F 0-2: Ball 1-2: Fielders Choice at 2nd, 1-6 (Groundball, 13, EV 68.8 MPH)
|
|
Batting: LHB Aldo Kok
|
0-0: Called Strike 0-1: Ball Danny Wolver steals 2nd base 1-1: Ground out 4-3 (Groundball, 34, EV 85.0 MPH)
|
| Bottom of the 1st over - 0 runs, 0 hits, 0 errors, 1 left on base; Lexington 1 - Quad Cities 0 |
| TOP OF THE 2ND |
|
Lexington Legends batting - Pitching for Quad Cities River Bandits : RHP Omar Pineda
|
|
Batting: RHB Phil Hamby
|
0-0: Ball 1-0: Ball 2-0: Foul Ball, location: 2F 2-1: Swinging Strike 2-2: Ground out 5-3 (Groundball, 5L, EV 101.9 MPH)
|
|
Batting: RHB Jesus Malave
|
0-0: Ball 1-0: Swinging Strike 1-1: Ball 2-1: Foul Ball, location: 2F 2-2: SOLO HOME RUN (Flyball, 78XD, EV 106.2 MPH), Distance : 409 ft
|
|
Batting: RHB Pat McCoy
|
0-0: Called Strike 0-1: Swinging Strike 0-2: Strikes out looking
|
|
Batting: RHB Justin Goff
|
0-0: Fly out, F8 (Flyball, 89M, EV 82.5 MPH)
|
| Top of the 2nd over - 1 run, 1 hit, 0 errors, 0 left on base; Lexington 2 - Quad Cities 0 |
| BOTTOM OF THE 2ND |
|
Quad Cities River Bandits batting - Pitching for Lexington Legends : RHP Tony Jimenez
|
|
Batting: RHB Alex Campos
|
0-0: Ground out U3 (Groundball, 34, EV 105.6 MPH)
|
|
Batting: LHB Daigo Ishii
|
0-0: Called Strike 0-1: Swinging Strike 0-2: Strikes out swinging, 2-3 out at first.
|
|
Batting: RHB Joel Vazquez
|
0-0: Called Strike 0-1: SINGLE (Groundball, 6MD, EV 100.0 MPH)
|
|
Batting: RHB Reginald McDougall
|
0-0: Ball 1-0: Called Strike 1-1: SINGLE (Groundball, 4D, EV 95.6 MPH) Joel Vazquez to second Runner from 2nd tries for 3rd, OUT! 8-5
|
| Bottom of the 2nd over - 0 runs, 2 hits, 0 errors, 1 left on base; Lexington 2 - Quad Cities 0 |
| TOP OF THE 3RD |
|
Lexington Legends batting - Pitching for Quad Cities River Bandits : RHP Omar Pineda
|
|
Batting: LHB Edgar Ortiz
|
0-0: Swinging Strike 0-1: Foul Ball, location: 2F 0-2: Ball 1-2: Strikes out swinging
|
|
Batting: RHB Nate De Jongh
|
0-0: Swinging Strike 0-1: Swinging Strike 0-2: Foul Ball, location: 2F 0-2: Ball 1-2: Foul Ball, location: 2F 1-2: Ball 2-2: Foul Ball, location: 2F 2-2: Fly out, F8 (Flyball, 8LXD, EV 109.4 MPH)
|
|
Batting: RHB Nick Julien
|
0-0: SINGLE (Line Drive, 34, EV 105.0 MPH)
|
|
Batting: LHB Pablo Serrato
|
0-0: Ball 1-0: SINGLE (Line Drive, 8LS, EV 86.2 MPH) Nick Julien to second
|
|
Batting: SHB Bill Ertl
|
0-0: Swinging Strike 0-1: Fly out, F7 (Flyball, 7D, EV 90.6 MPH)
|
| Top of the 3rd over - 0 runs, 2 hits, 0 errors, 2 left on base; Lexington 2 - Quad Cities 0 |
| BOTTOM OF THE 3RD |
|
Quad Cities River Bandits batting - Pitching for Lexington Legends : RHP Tony Jimenez
|
|
Batting: LHB Fernando Gomez
|
0-0: Ball 1-0: SINGLE (Groundball, 4M, EV 96.2 MPH) (infield hit)
|
|
Batting: RHB Tim Persson
|
0-0: Ball 1-0: Ball 2-0: Ground out 4-3 (Groundball, 34S, EV 67.5 MPH) Fernando Gomez to second
|
|
Batting: LHB Kelvin Jones
|
0-0: Swinging Strike 0-1: Ball 1-1: Foul Ball, location: 2F 1-2: Strikes out swinging
|
|
Batting: LHB Danny Wolver
|
0-0: Called Strike 0-1: Ball Wild Pitch! Fernando Gomez to third 1-1: Ball 2-1: Ground out 6-3 (Groundball, 6, EV 80.6 MPH)
|
| Bottom of the 3rd over - 0 runs, 1 hit, 0 errors, 1 left on base; Lexington 2 - Quad Cities 0 |
| TOP OF THE 4TH |
|
Lexington Legends batting - Pitching for Quad Cities River Bandits : RHP Omar Pineda
|
|
Batting: RHB Phil Hamby
|
0-0: Ball 1-0: Ground out 4-3 (Groundball, 4, EV 106.9 MPH)
|
|
Batting: RHB Jesus Malave
|
0-0: Called Strike 0-1: Ball 1-1: Ball 2-1: Ground out U3 (Groundball, 13, EV 83.1 MPH)
|
|
Batting: RHB Pat McCoy
|
0-0: Swinging Strike 0-1: Foul Ball, location: 2F 0-2: Ball 1-2: SINGLE (Line Drive, 8LS, EV 109.4 MPH)
|
|
Batting: RHB Justin Goff
|
0-0: Ball 1-0: Swinging Strike 1-1: Foul Ball, location: 2F 1-2: Ground out 5-3 (Groundball, 56, EV 106.9 MPH)
|
| Top of the 4th over - 0 runs, 1 hit, 0 errors, 1 left on base; Lexington 2 - Quad Cities 0 |
| BOTTOM OF THE 4TH |
|
Quad Cities River Bandits batting - Pitching for Lexington Legends : RHP Tony Jimenez
|
|
Batting: LHB Aldo Kok
|
0-0: Called Strike 0-1: Ball 1-1: Ball 2-1: Foul Ball, location: 2F 2-2: Foul Ball, location: 2F 2-2: Ball 3-2: Foul Ball, location: 2F 3-2: SINGLE (Groundball, 4MD, EV 102.5 MPH)
|
|
Pitching: RHP Ian Current
|
|
|
Batting: RHB Alex Campos
|
0-0: Foul Ball, location: 2F 0-1: Ball 1-1: Called Strike 1-2: Fly out, F9 (Flyball, 9LSF, EV 91.9 MPH)
|
|
Batting: LHB Daigo Ishii
|
0-0: Foul Ball, location: 2F 0-1: Foul Ball, location: 2F 0-2: Foul Ball, location: 2F 0-2: Hit by Pitch Aldo Kok to second
|
|
Batting: RHB Joel Vazquez
|
0-0: Called Strike 0-1: Fielders Choice at 2nd, 3-6 (Groundball, 34, EV 86.2 MPH) Aldo Kok to third
|
|
Pitching: RHP Nam Phong
|
|
|
Pinch Hitting: LHB Bruce Arvizu
|
0-0: Ball 1-0: Ground out 4-3 (Groundball, 13, EV 84.4 MPH)
|
| Bottom of the 4th over - 0 runs, 1 hit, 0 errors, 2 left on base; Lexington 2 - Quad Cities 0 |
| TOP OF THE 5TH |
|
Lexington Legends batting - Pitching for Quad Cities River Bandits : RHP Omar Pineda
|
|
Now in CF: Bruce Arvizu
|
|
|
Batting: LHB Edgar Ortiz
|
0-0: Foul Ball, location: 2F 0-1: Ball 1-1: TRIPLE (Flyball, 9LD, EV 85.0 MPH)
|
|
Batting: RHB Nate De Jongh
|
0-0: Ball 1-0: Called Strike 1-1: Ball 2-1: Ball 3-1: Swinging Strike 3-2: Ground out 6-3 (Groundball, 6S, EV 93.8 MPH)
|
|
Batting: RHB Nick Julien
|
0-0: Swinging Strike 0-1: Ball 1-1: Ball 2-1: Foul Ball, location: 2F 2-2: Ball 3-2: Strikes out swinging
|
|
Batting: LHB Pablo Serrato
|
0-0: Ball 1-0: Ball 2-0: Called Strike 2-1: Ball 3-1: Swinging Strike 3-2: Foul Ball, location: 2F 3-2: SINGLE (Groundball, 56D, EV 101.9 MPH) Edgar Ortiz scores
|
|
Batting: SHB Bill Ertl
|
0-0: Called Strike 0-1: Ball 1-1: Called Strike 1-2: Fly out, F7 (Flyball, 78S, EV 85.0 MPH)
|
| Top of the 5th over - 1 run, 2 hits, 0 errors, 1 left on base; Lexington 3 - Quad Cities 0 |
| BOTTOM OF THE 5TH |
|
Quad Cities River Bandits batting - Pitching for Lexington Legends : RHP Nam Phong
|
|
Batting: LHB Fernando Gomez
|
0-0: Called Strike 0-1: Ball 1-1: SINGLE (Groundball, 56S, EV 75.6 MPH) (infield hit)
|
|
Batting: RHB Tim Persson
|
0-0: Ball 1-0: Grounds out, U3 (Groundball, 3L, EV 103.1 MPH)
|
|
Batting: LHB Kelvin Jones
|
0-0: Foul Ball, location: 2F 0-1: Foul Ball, location: 2F 0-2: Ball 1-2: Strikes out swinging
|
|
Batting: LHB Danny Wolver
|
0-0: Called Strike 0-1: Called Strike 0-2: Ball 1-2: Strikes out looking
|
| Bottom of the 5th over - 0 runs, 1 hit, 0 errors, 1 left on base; Lexington 3 - Quad Cities 0 |
| TOP OF THE 6TH |
|
Lexington Legends batting - Pitching for Quad Cities River Bandits : RHP Omar Pineda
|
|
Pitching: LHP Glenn Lowther
|
|
|
Batting: RHB Phil Hamby
|
0-0: Called Strike 0-1: Called Strike 0-2: Ball 1-2: Ground out 5-3 (Groundball, 56, EV 88.8 MPH)
|
|
Batting: RHB Jesus Malave
|
0-0: DOUBLE (Line Drive, 78D, EV 110.6 MPH)
|
|
Batting: RHB Pat McCoy
|
0-0: Called Strike 0-1: Called Strike 0-2: SINGLE (Groundball, 6MD, EV 96.2 MPH) Jesus Malave to third Runner from 3rd tries for Home, SAFE, throw by CF to home Pat McCoy to second
|
|
Batting: RHB Justin Goff
|
0-0: Ball 1-0: Called Strike 1-1: Ball 2-1: Foul Ball, location: 2F 2-2: Foul Ball, location: 2F 2-2: Foul Ball, location: 2F 2-2: Ball 3-2: Base on Balls
|
|
Batting: LHB Edgar Ortiz
|
0-0: Called Strike 0-1: Ball 1-1: Called Strike 1-2: Strikes out looking
|
|
Batting: RHB Nate De Jongh
|
0-0: Ball 1-0: Called Strike 1-1: Ball 2-1: Ground out 4-3 (Groundball, 4, EV 86.2 MPH)
|
| Top of the 6th over - 1 run, 2 hits, 0 errors, 2 left on base; Lexington 4 - Quad Cities 0 |
| BOTTOM OF THE 6TH |
|
Quad Cities River Bandits batting - Pitching for Lexington Legends : RHP Nam Phong
|
|
Batting: LHB Aldo Kok
|
0-0: Called Strike 0-1: Ball 1-1: Ball 2-1: Fly out, F2 (Popup, 2RF, EV 90.6 MPH)
|
|
Batting: RHB Alex Campos
|
0-0: Ball 1-0: Fly out, F7 (Line Drive, 7, EV 90.0 MPH)
|
|
Batting: LHB Daigo Ishii
|
0-0: Called Strike 0-1: Foul Ball, location: 2F 0-2: Ball 1-2: Ball 2-2: Strikes out swinging
|
| Bottom of the 6th over - 0 runs, 0 hits, 0 errors, 0 left on base; Lexington 4 - Quad Cities 0 |
| TOP OF THE 7TH |
|
Lexington Legends batting - Pitching for Quad Cities River Bandits : LHP Glenn Lowther
|
|
Batting: RHB Nick Julien
|
0-0: Ball 1-0: Ball 2-0: DOUBLE (Line Drive, 9LS, EV 95.0 MPH)
|
|
Batting: LHB Pablo Serrato
|
0-0: Ground out 6-3 (Groundball, 6, EV 102.5 MPH)
|
|
Batting: SHB Bill Ertl
|
0-0: Ball 1-0: Foul Ball, location: 2F 1-1: Fly out, F8 (Line Drive, 8RD, EV 90.0 MPH)
|
|
Batting: RHB Phil Hamby
|
0-0: Called Strike 0-1: Ball 1-1: Ball 2-1: Fly out, F7 (Line Drive, 7, EV 90.6 MPH)
|
| Top of the 7th over - 0 runs, 1 hit, 0 errors, 1 left on base; Lexington 4 - Quad Cities 0 |
| BOTTOM OF THE 7TH |
|
Quad Cities River Bandits batting - Pitching for Lexington Legends : RHP Nam Phong
|
|
Pitching: RHP Phil Kellum
|
|
|
Batting: RHB Joel Vazquez
|
0-0: Swinging Strike 0-1: Fly out, F8 (Flyball, 89D, EV 100.0 MPH)
|
|
Batting: LHB Bruce Arvizu
|
0-0: Called Strike 0-1: Called Strike 0-2: Strikes out swinging
|
|
Batting: LHB Fernando Gomez
|
0-0: Ball 1-0: Ball 2-0: Foul Ball, location: 2F 2-1: Ball 3-1: Called Strike 3-2: Strikes out swinging
|
| Bottom of the 7th over - 0 runs, 0 hits, 0 errors, 0 left on base; Lexington 4 - Quad Cities 0 |
| TOP OF THE 8TH |
|
Lexington Legends batting - Pitching for Quad Cities River Bandits : LHP Glenn Lowther
|
|
Batting: RHB Jesus Malave
|
0-0: Foul Ball, location: 2F 0-1: Called Strike 0-2: Ground out 6-3 (Groundball, 56, EV 102.5 MPH)
|
|
Batting: RHB Pat McCoy
|
0-0: Ball 1-0: Foul Ball, location: 2F 1-1: Ball 2-1: SINGLE (Line Drive, 7S, EV 87.5 MPH)
|
|
Batting: RHB Justin Goff
|
0-0: Swinging Strike 0-1: Ball 1-1: Ground out 5-3 (Groundball, 56, EV 83.1 MPH) Pat McCoy to second
|
|
Batting: LHB Edgar Ortiz
|
0-0: Ball 1-0: Foul Ball, location: 2F 1-1: Called Strike 1-2: Ball 2-2: Ball 3-2: DOUBLE (Line Drive, 78M, EV 105.0 MPH) Pat McCoy scores
|
|
Batting: RHB Nate De Jongh
|
0-0: Called Strike 0-1: Swinging Strike 0-2: Strikes out swinging
|
| Top of the 8th over - 1 run, 2 hits, 0 errors, 1 left on base; Lexington 5 - Quad Cities 0 |
| BOTTOM OF THE 8TH |
|
Quad Cities River Bandits batting - Pitching for Lexington Legends : RHP Phil Kellum
|
|
Batting: RHB Tim Persson
|
0-0: Ball 1-0: Foul Ball, location: 2F 1-1: Foul Ball, location: 2F 1-2: Strikes out swinging
|
|
Batting: LHB Kelvin Jones
|
0-0: Ground out 3-1 (Groundball, 34, EV 101.9 MPH)
|
|
Batting: LHB Danny Wolver
|
0-0: SINGLE (Line Drive, 78S, EV 95.0 MPH)
|
|
Batting: LHB Aldo Kok
|
0-0: Ball 1-0: Ball 2-0: Fly out, F6 (Popup, 6, EV 57.5 MPH)
|
| Bottom of the 8th over - 0 runs, 1 hit, 0 errors, 1 left on base; Lexington 5 - Quad Cities 0 |
| TOP OF THE 9TH |
|
Lexington Legends batting - Pitching for Quad Cities River Bandits : LHP Glenn Lowther
|
|
Batting: RHB Nick Julien
|
0-0: Ball 1-0: Foul Ball, location: 2F 1-1: Swinging Strike 1-2: Ball 2-2: Ball 3-2: Ground out 6-3 (Groundball, 6, EV 99.4 MPH)
|
|
Pitching: RHP Carlos Zavala
|
|
|
Batting: LHB Pablo Serrato
|
0-0: Ball 1-0: Called Strike 1-1: Fly out, F8 (Flyball, 89D, EV 85.0 MPH)
|
|
Batting: SHB Bill Ertl
|
0-0: Ball 1-0: Ball 2-0: Swinging Strike 2-1: SINGLE (Groundball, 6S, EV 68.1 MPH) (infield hit)
|
|
Batting: RHB Phil Hamby
|
0-0: Ball 1-0: Called Strike 1-1: Ball 2-1: SINGLE (Line Drive, 8RS, EV 99.4 MPH) Bill Ertl to second
|
|
Batting: RHB Jesus Malave
|
0-0: Ball 1-0: SINGLE (Groundball, 4, EV 98.8 MPH) Bill Ertl to third Phil Hamby to second Runner from 3rd tries for Home, SAFE, throw by CF to home
|
|
Batting: RHB Pat McCoy
|
0-0: Called Strike 0-1: Fly out, F8 (Flyball, 78S, EV 76.9 MPH)
|
| Top of the 9th over - 1 run, 3 hits, 0 errors, 2 left on base; Lexington 6 - Quad Cities 0 |
| BOTTOM OF THE 9TH |
|
Quad Cities River Bandits batting - Pitching for Lexington Legends : RHP Phil Kellum
|
|
Batting: RHB Alex Campos
|
0-0: Foul Ball, location: 2F 0-1: SINGLE (Groundball, 56D, EV 105.0 MPH)
|
|
Pitching: RHP Josh Rutledge
|
|
|
Batting: LHB Daigo Ishii
|
0-0: Swinging Strike 0-1: Grounds into double play, 3-6-1 (Groundball, 3, EV 93.1 MPH)
|
|
Pinch Hitting: LHB Josh Corkery
|
0-0: Ball 1-0: Ground out 4-3 (Groundball, 4, EV 86.2 MPH)
|
| Bottom of the 9th over - 0 runs, 1 hit, 0 errors, 0 left on base; Lexington 6 - Quad Cities 0 |
|